 Dungeon Crawl Stone Soup version 0.27.1-33-g824d729ab1 (webtiles) character file.

Game seed: 13398371703084509270

108951 pkoi the Alchemist (level 16, -1/149 HPs)
             Began as a Yellow Draconian Monk on Nov 28, 2021.
             Was the Champion of Dithmenos.
             Killed from afar by a balrug (18 damage)
             ... with a fireball
             ... on level 2 of the Abyss.
             The game lasted 01:00:42 (34555 turns).

pkoi the Alchemist (Yellow Draconian Monk)         Turns: 34555, Time: 01:00:43

Health: -1/149     AC: 14    Str: 14    XL:     16   Next: 3%
Magic:  27/28      EV: 16    Int: 23    God:    Dithmenos [******]
Gold:   1129       SH:  0    Dex: 16    Spells: 17/31 levels left

rFire    . . .     SeeInvis +     - Unarmed
rCold    . . .     Faith    .   (shield currently unavailable)
rNeg     . . .     Spirit   .   (armour unavailable)
rPois    .         Reflect  .   N - +2 hat {SInv}
rElec    +         Harm     .   t - scarf {repulsion}
rCorr    +         Rampage  .   (gloves currently unavailable)
Will     ++...                  D - +2 pair of boots {Stlth+}
Stlth    ++++++++..             z - amulet of Vitality {Regen+ HP+15}
HPRegen  1.34/turn              j - ring "Weplimme" {Fly Will+ Int+2}
MPRegen  0.21/turn              h - ring "Ceta" {rElec Int+6}

@: blade hands, flying, wreathed by umbra, repel missiles
A: spit acid, AC +9, unfitting armour, acidic bite, cold-blooded, acid
resistance
a: Breathe Acid, End Transformation, Renounce Religion, Shadow Step, Shadow Form


You were on level 2 of the Abyss.
You worshipped Dithmenos.
Dithmenos was exalted by your worship.
You had blades for hands.
You visited 6 branches of the dungeon, and saw 25 of its levels.
You visited the Abyss 1 time.
You also visited: Sewer, Ossuary and Volcano.

You collected 3565 gold pieces.
You spent 2436 gold pieces at shops.

Inventory:

Hand Weapons
 g - a +2 whip of flaming
 p - a +6 short sword of speed
Missiles
 b - 22 boomerangs
 d - 71 poisoned darts
 C - 4 throwing nets
Armour
 c - a +1 pair of gloves (melded)
 t - a scarf of repulsion (worn)
 D - a +2 pair of boots of stealth (worn)
 N - a +2 hat of see invisible (worn)
Jewellery
 h - the ring "Ceta" (right blade hand) {rElec Int+6}
   (You found it on level 1 of the Lair of Beasts)

   [ring of intelligence]

   Int:       It affects your intelligence (+6).
   rElec:     It insulates you from electricity.
 j - the ring "Weplimme" (left blade hand) {Fly Will+ Int+2}
   (You bought it in a shop on level 10 of the Dungeon)

   [ring of flight]

   Int:       It affects your intelligence (+2).
   Fly:       It grants you flight.
   Will:      It increases your willpower.
 z - the amulet of Vitality (around neck) {Regen+ HP+15}
   (You bought it in a shop on level 10 of the Dungeon)

   [amulet of regeneration]

   HP:        It affects your health (+15).
   Regen:     It increases your rate of health regeneration.
 H - a ring of poison resistance
Wands
 n - a wand of polymorph (21)
 s - a wand of acid (3)
 B - a wand of flame (31)
 J - a wand of iceblast (5)
 M - a wand of digging (4)
Scrolls
 e - 12 scrolls of enchant weapon
 l - a scroll of silence
 o - 5 scrolls of enchant armour
 q - 8 scrolls of teleportation
 x - 13 scrolls of identify
 F - a scroll of fog
 I - 2 scrolls of amnesia
 P - a scroll of fear
Potions
 f - 8 potions of curing
 i - a potion of resistance
 k - 7 potions of might
 m - 4 potions of heal wounds
 r - 3 potions of brilliance
 v - 3 potions of magic
 w - a potion of haste
 A - 3 potions of berserk rage
 K - 2 potions of lignification


   Skills:
 - Level 10.0 Fighting
 - Level 8.4 Dodging
 - Level 5.7 Stealth
 - Level 14.6 Unarmed Combat
 - Level 8.0 Spellcasting
 + Level 15.3 Transmutations
 - Level 2.5 Earth Magic
 - Level 12.7 Invocations


You had 17 spell levels left.
You knew the following spells:

 Your Spells              Type           Power      Damage    Failure   Level
a - Passwall              Tmut/Erth      41%        N/A       10%         2
b - Blade Hands           Tmut           34%        N/A       11%         5
c - Dragon Form           Tmut           34%        N/A       47%         7

Your spell library contained the following spells:

 Spells                   Type           Power      Damage    Failure   Level
 Beastly Appendage        Tmut           100%       N/A       3%          1
 Wereblood                Tmut           68%        N/A       4%          2
 Spider Form              Tmut/Pois      22%        N/A       14%         3
 Ignite Poison            Fire/Tmut/Pois 32%        N/A       24%         3
 Foxfire                  Conj/Fire      36%        2x1d5     38%         1
 Magic Dart               Conj           36%        1d4       38%         1
 Call Imp                 Summ           9%         N/A       47%         2
 Corpse Rot               Necr/Air       N/A        N/A       47%         2
 Slow                     Hex            9%         N/A       47%         2
 Sublimation of Blood     Necr           4%         N/A       47%         2
 Confusing Touch          Hex            9%         N/A       63%         3
 Conjure Flame            Conj/Fire      9%         6-21      63%         3
 Inner Flame              Hex/Fire       9%         N/A       63%         3
 Lesser Beckoning         Tloc           4%         N/A       63%         3
 Mephitic Cloud           Conj/Pois/Air  9%         N/A       63%         3
 Ozocubu's Armour         Ice            9%         N/A       63%         3
 Portal Projectile        Hex/Tloc       18%        N/A       63%         3
 Swiftness                Air            9%         N/A       63%         3
 Vampiric Draining        Necr           4%         2d6       63%         3
 Dispel Undead            Necr           9%         3d8       90%         4
 Passage of Golubria      Tloc           N/A        N/A       90%         4
 Sticky Flame             Conj/Fire      9%         2d3       90%         4
 Excruciating Wounds      Necr           4%         N/A       99%         5
 Metabolic Englaciation   Hex/Ice        4%         N/A       99%         5
 Summon Forest            Summ/Tloc      4%         N/A       99%         5
 Death Channel            Necr           4%         N/A       100%        6
 Invisibility             Hex            4%         N/A       100%        6
 Simulacrum               Ice/Necr       4%         N/A       100%        6
 Summon Hydra             Summ           4%         N/A       100%        7
 Necromutation            Tmut/Necr      22%        N/A       100%        8


Dungeon Overview and Level Annotations

Branches:
Dungeon (14/15)            Temple (1/1) D:7            Lair (6/6) D:9
  Swamp (1/4) Lair:2       Spider (1/4) Lair:3        Slime (0/5) Lair:5
    Orc (2/2) D:10            Elf (0/3) Orc:2         Sewer (visited)
Ossuary (visited)         Volcano (visited)
 Vaults: D:13-14

Altars:
Ashenzari
Cheibriados
Dithmenos
Elyvilon
Fedhas
Gozag
Hepliaklqana
Kikubaaqudgha
Makhleb
Nemelex Xobeh
Okawaru
Qazlal
Ru
Sif Muna
Trog
Uskayaw
Vehumet
Wu Jian
Xom
Yredelemnul
Zin
The Shining One
Beogh
Jiyva

Shops:
D:6 (   D:7 *   D:8 [   D:10 :=[=(   D:11 (   Orc:1 [(:*   Orc:2 ?(*?*

Annotations:
D:11 Ekaitz's ghost, journeyman MfIE
D:12 1 runed translucent door
Lair:3 2 transporters
Lair:4 3 runed translucent doors, ystael's ghost, journeyman MiFi
Lair:5 2 transporters


Innate Abilities, Weirdness & Mutations

You have blades for hands.
Your spellcasting is less reliable in this form.
You are incapable of wielding weapons or throwing items.
You can spit globs of acid.
Your golden yellow scales are hard. (AC +9)
You cannot fit into any form of body armour.
You have acidic saliva.
You are cold-blooded and may be slowed by cold attacks.
You are resistant to acid. (rCorr)


Message History

Your shadow hits the sun demon but does no damage.
The sun demon hits you!
You are engulfed in flames!
The red devil hits you from afar with a +0 trident!
The balrug gestures at you. Something smites you!
* * * LOW HITPOINT WARNING * * *
Unknown command.
You slash the sun demon!
You tail-slap the sun demon, but do no damage.
The sun demon is almost dead.
Your shadow closely misses the sun demon.
The sun demon hits you!
* * * LOW HITPOINT WARNING * * *
You are engulfed in flames!
* * * LOW HITPOINT WARNING * * *
The red devil barely misses you.
Unknown command.
You closely miss the sun demon.
Your tail-slap misses the sun demon.
The sun demon is almost dead.
Your shadow closely misses the sun demon.
The balrug hits you with a +0 demon whip!
* * * LOW HITPOINT WARNING * * *
You are engulfed in flames!!
* * * LOW HITPOINT WARNING * * *
The sun demon hits you but does no damage.
You slice the sun demon!!
You kill the sun demon!
Dithmenos accepts your kill. The red devil barely misses you.
The balrug barely misses you.
Unknown command.
You shred the balrug!!!
The balrug is heavily wounded.
You hear a shout!
The balrug completely misses you. The red devil completely misses you.
You hit the balrug. You slash the balrug!
The balrug is severely wounded.
Your shadow hits the balrug. The balrug gestures at you.
The fireball explodes!
The fireball engulfs you!!
You die...

#.. #.#.# ####.#
#.# #
.#.....##..# #≈
. .......# # ≈.
... ......#
#..≈# .
........## #.#.
#
.....#....##...
≈ ....
#.2.....#. ≈. ..
.##.@....... ≈≈
#...........###
≈
..##.4...#......
≈ #............
≈ #...#.........
≈
##.##.###...#.≈≈
.. .#. .# # ≈≈
#.#..# # ##≈≈ ≈
. .. ♣


You could see a balrug and a red devil.

Vanquished Creatures
  A fenstrider witch (Swamp:1)
  The ghost of Kranky the Peltast, a journeyman GrBe of Trog (D:11)
  A minotaur (Lair:1)
  The ghost of belegose the Pandemonic, a journeyman DjWz of Makhleb (Lair:1)
  A fire dragon (Lair:1)
  The ghost of zeram the Cleaver, a journeyman HOFi of Gozag (D:11)
  8 hydras
  The ghost of JonathMagnus the Summoner, a journeyman DrSu of Gozag (D:11)
  4 ogre magi
  A centaur warrior (D:12)
  2 catoblepae
  A death knight (D:11)
  The ghost of AltoTato the Spear-Bearer, a novice DrBe of Trog (D:11)
  12 death yaks (Lair:4)
  14 two-headed ogres
  Urug (Orc:1)
  3 sun demons (Abyss:2)
  Nergalle (Lair:4)
  5 skeletal warriors (D:13)
  A salamander mystic (Volcano)
  3 oklob plants (Lair:2)
  4 cyclopes
  A wolf spider (Lair:6)
  4 ugly things (D:13)
  An orc sorcerer (Orc:1)
  6 salamanders (Volcano)
  8 black mambas
  8 elephants
  A guardian serpent (Lair:6)
  4 gargoyles
  18 cane toads
  6 komodo dragons
  A rime drake (Lair:3)
  An efreet (D:13)
  2 jumping spiders (Lair:3)
  9 trolls
  10 polar bears
  A tyrant leech (Lair:2)
  3 hornets (Lair:6)
  2 raiju (Lair:6)
  9 slime creatures
  17 blink frogs
  Sigmund (D:3)
  A spriggan (D:9)
  A centaur simulacrum (D:14)
  3 redbacks (Lair:3)
  A spriggan (shapeshifter) (D:13)
  3 shadows
  5 basilisks
  88 yaks
  2 fire elementals (Lair:1)
  20 wyverns
  8 vampire mosquitoes
  4 wargs (Lair:6)
  3 swamp worms (Lair:2)
  3 acid dragons
  Edmund (D:5)
  17 water moccasins
  Duvessa (D:5)
  12 orc warriors
  11 black bears (Lair:6)
  15 hell hounds (Lair:6)
  3 ice beasts
  57 wolves
  4 boggarts
  The ghost of unlimited1921 the Magician, an amateur DjFE (D:4)
  A centaur (D:10)
  25 ogres
  2 phantoms
  The ghost of Thatpatchoflichen the Shooter, an amateur DEHu (D:3)
  Blork the orc (D:5)
  5 kobold brigands
  4 scorpions
  9 bullfrogs
  A gnoll sergeant (D:10)
  Dowan (D:5)
  5 wights
  18 killer bees
  2 electric eels (Lair:4)
  4 howler monkeys
  A bullfrog zombie (D:5)
  10 centaur zombies
  6 hounds
  12 orc priests
  A centaur skeleton (D:7)
  A human zombie (Ossuary)
  4 bullfrog skeletons
  Natasha (thrice) (D:4)
  Terence (D:3)
  An iguana (D:5)
  21 orc wizards
  4 hell rats (Lair:5)
  A killer bee zombie (D:7)
  A hound skeleton (D:4)
  3 mummies (Ossuary)
  5 gnolls (D:10)
  2 howler monkey skeletons
  7 adders
  2 river rats (Sewer)
  3 white imps
  A howler monkey simulacrum (D:8)
  An ufetubus (D:5)
  An adder skeleton (D:4)
  3 worms
  3 dart slugs
  58 orcs
  14 ball pythons
  8 bats
  4 endoplasms
  3 giant cockroaches
  5 gnoll zombies (Ossuary)
  10 goblins
  13 hobgoblins
  4 jackals (D:2)
  4 quokkas
  8 frilled lizards
  A hobgoblin zombie (Ossuary)
  25 kobolds
  A kobold zombie (Ossuary)
  5 rats
785 creatures vanquished.

Vanquished Creatures (others)
  An orc wizard (Orc:1)
  A bush (Lair:6)
  39 fungi
  84 plants
125 creatures vanquished.

Grand Total: 910 creatures vanquished

Notes
Turn   | Place    | Note
-------+----------+-------------------------------------------
     0 | D:1      | pkoi the Draconian Monk began the quest for the Orb.
     0 | D:1      | Reached XP level 1. HP: 19/19 MP: 1/1
   142 | D:1      | Found a faded altar of an unknown god.
   215 | D:1      | Reached XP level 2. HP: 25/26 MP: 2/2
  1039 | D:1      | Reached XP level 3. HP: 8/31 MP: 3/3
  1725 | D:1      | Learned a level 2 spell: Passwall
  2261 | D:2      | Reached skill level 1 in Transmutations
  2261 | D:2      | Reached skill level 1 in Earth Magic
  2261 | D:2      | Reached XP level 4. HP: 20/38 MP: 3/5
  2496 | D:2      | Reached skill level 1 in Spellcasting
  3082 | D:3      | Noticed Terence
  3119 | D:3      | Killed Terence
  3120 | D:3      | Reached XP level 5. HP: 26/45 MP: 7/7
  3280 | D:3      | Noticed a phantom
  3288 | D:3      | Killed a phantom
  3289 | D:3      | Reached skill level 5 in Unarmed Combat
  3561 | D:3      | Found a runed translucent gate.
  3562 | D:3      | Found a runed translucent gate.
  3562 | D:3      | Identified the +1 scale mail "Ligi Toc" {Rampage rF- rN+
                  | Str+4}
  3563 | D:3      | Found a runed translucent gate.
  3588 | D:3      | Noticed Thatpatchoflichen's ghost (amateur DEHu)
  3734 | D:3      | Noticed Sigmund
  3754 | D:4      | Noticed Natasha
  3772 | D:4      | Killed Natasha
  3798 | D:4      | Noticed Natasha
  3814 | D:4      | Killed Natasha
  3815 | D:4      | Reached XP level 6. HP: 34/51 MP: 8/10
  3832 | D:4      | Identified the amulet of Orosmit {Reflect -Cast Fragile
                  | rElec rF+ Will++ SH+5}
  3954 | D:4      | Found a runed translucent gate.
  3954 | D:4      | Found a runed translucent gate.
  3958 | D:4      | Noticed an ice beast
  3969 | D:4      | Killed an ice beast
  3996 | D:4      | Found a sand-covered staircase.
  4004 | Ossuary  | Entered an ossuary
  4322 | D:4      | Found a runed translucent gate.
  4325 | D:4      | Noticed unlimited1921's ghost (amateur DjFE)
  4376 | D:4      | Your scales start taking on a golden yellow colour.
  4376 | D:4      | Reached XP level 7. HP: 42/57 MP: 11/11
  4376 | D:4      | Gained mutation: You are resistant to acid. (rCorr) [Yellow
                  | Draconian growth]
  4503 | D:4      | Noticed Natasha
  4517 | D:4      | Killed Natasha
  5071 | D:5      | Entered Level 5 of the Dungeon
  5429 | D:5      | Noticed a yak
  5430 | D:5      | Noticed Blork the orc
  5430 | D:5      | Noticed a yak
  5431 | D:5      | Noticed a yak
  5431 | D:5      | Noticed a yak
  5454 | D:5      | Killed a yak
  5466 | D:5      | Killed Blork the orc
  5467 | D:5      | Reached XP level 8. HP: 39/63 MP: 12/12
  5787 | D:5      | Reached skill level 10 in Unarmed Combat
  6271 | D:5      | Noticed Duvessa
  6272 | D:5      | Noticed Dowan
  6443 | D:6      | Found a glowing drain.
  6453 | Sewer    | Entered a sewer
  7093 | Sewer    | Reached XP level 9. HP: 60/71 MP: 13/13
  7654 | D:5      | Killed Duvessa
  7673 | D:5      | Killed Dowan
  8084 | D:5      | Noticed Edmund
  8090 | D:5      | Killed Edmund
  8297 | D:6      | Found Patumub's Weapon Shoppe.
  8421 | D:6      | Found a broken altar of Ashenzari.
  8667 | D:6      | Reached skill level 5 in Fighting
  8951 | D:7      | Noticed a troll
  8959 | D:7      | Killed a troll
  9343 | D:7      | Found a staircase to the Ecumenical Temple.
  9361 | Temple   | Entered the Ecumenical Temple
  9554 | Temple   | Became a worshipper of Dithmenos the Shadowed
  9554 | Temple   | Reached * piety under Dithmenos
  9554 | Temple   | Reached ** piety under Dithmenos
  9806 | D:7      | Found Wuixohucu's General Store.
 10187 | D:8      | Reached skill level 1 in Invocations
 10187 | D:8      | Reached XP level 10. HP: 63/83 MP: 14/14
 10206 | D:8      | Reached skill level 5 in Dodging
 10422 | D:8      | Found Rakiel's Antique Armour Shop.
 10528 | D:8      | Noticed a cyclops
 10542 | D:8      | Killed a cyclops
 10834 | D:8      | Noticed a gargoyle
 11252 | D:8      | Found an opulent altar of Gozag.
 11580 | D:8      | Killed a gargoyle
 11580 | D:8      | Reached *** piety under Dithmenos
 11892 | D:8      | Noticed a five-headed hydra
 11900 | D:8      | Killed a five-headed hydra
 12079 | D:8      | Noticed a cyclops
 12087 | D:8      | Killed a cyclops
 12088 | D:8      | Reached XP level 11. HP: 68/92 MP: 15/15
 12287 | D:9      | Found a staircase to the Lair.
 12520 | D:9      | Identified the +3 plate armour of Distant Shores {rC+}
 12737 | D:9      | Got the Papyrus of Displacement
 13145 | D:10     | Entered Level 10 of the Dungeon
 13145 | D:10     | Found Unigot's Weapon Shoppe.
 13271 | D:10     | Found Jacy's Book Boutique.
 13272 | D:10     | Found Ysusodgh's Armour Boutique.
 13354 | D:10     | Reached skill level 2 in Transmutations
 13612 | D:10     | Found Qior's Jewellery Emporium.
 13644 | D:10     | Found a staircase to the Orcish Mines.
 13702 | D:10     | Found Faodghim's Jewellery Shop.
 13934 | D:10     | Noticed a two-headed ogre
 13942 | D:10     | Killed a two-headed ogre
 13942 | D:10     | Reached **** piety under Dithmenos
 13974 | D:10     | Learned a level 5 spell: Blade Hands
 13987 | D:10     | Found a faded altar of an unknown god.
 13987 | D:10     | Found a radiant altar of Vehumet.
 13995 | D:10     | Found a hazy altar of Hepliaklqana.
 14003 | D:10     | Found a stormy altar of Qazlal.
 14005 | D:10     | Found a sparkling altar of Nemelex Xobeh.
 14149 | D:11     | Noticed a death knight
 14188 | Lair:1   | Entered Level 1 of the Lair of Beasts
 14218 | Lair:1   | Reached skill level 3 in Transmutations
 14651 | Lair:1   | Reached skill level 4 in Transmutations
 14865 | Lair:1   | Noticed a minotaur
 14875 | Lair:1   | Found a runed translucent gate.
 14875 | Lair:1   | Found a runed translucent gate.
 14875 | Lair:1   | Found a runed translucent gate.
 14898 | Lair:1   | Reached skill level 5 in Transmutations
 14922 | Lair:1   | Noticed a six-headed hydra
 14960 | Lair:1   | Killed a six-headed hydra
 14961 | Lair:1   | Reached skill level 6 in Transmutations
 15361 | Lair:1   | Reached skill level 7 in Transmutations
 15530 | Lair:1   | Noticed belegose's ghost (journeyman DjWz)
 15876 | Lair:1   | You fall into a shaft and drop 1 floor!
 16002 | Lair:2   | Reached skill level 8 in Transmutations
 16002 | Lair:2   | Reached XP level 12. HP: 40/101 MP: 16/16
 16129 | Lair:1   | Noticed a five-headed hydra
 16392 | Orc:1    | Entered Level 1 of the Orcish Mines
 16392 | Orc:1    | Noticed Urug
 16560 | Orc:1    | Killed Urug
 16909 | Orc:1    | Found Doon's Armour Emporium.
 17010 | Orc:2    | Entered Level 2 of the Orcish Mines
 17038 | Orc:1    | Found Moivyusy's General Store.
 17142 | Orc:1    | Reached skill level 9 in Transmutations
 17617 | Orc:2    | Found a staircase to the Elven Halls.
 17618 | Orc:2    | Found Wuuv's Magic Scroll Shop.
 17624 | Orc:2    | Bought a scroll of acquirement for 624 gold pieces
 17624 | Orc:2    | Acquired a +2 pair of boots of stealth
 17708 | Orc:2    | Noticed a two-headed ogre
 17709 | Orc:2    | Noticed a two-headed ogre
 17712 | Orc:2    | Noticed a two-headed ogre
 17712 | Orc:2    | Noticed a two-headed ogre
 17713 | Orc:2    | Noticed a two-headed ogre
 17713 | Orc:2    | Noticed a two-headed ogre
 17727 | Orc:1    | Killed a two-headed ogre
 17922 | Orc:2    | Noticed an ogre mage
 18043 | Orc:1    | Reached skill level 10 in Transmutations
 18070 | Orc:1    | Found Vice Beowk's Book Emporium.
 18182 | Orc:1    | Found Qiast's Weapon Boutique.
 18426 | Orc:1    | Killed a two-headed ogre
 18549 | Orc:2    | Noticed a two-headed ogre
 18551 | Orc:2    | Noticed a two-headed ogre
 18560 | Orc:2    | Noticed a two-headed ogre
 18563 | Orc:2    | Noticed an ogre mage
 18566 | Orc:2    | Noticed a two-headed ogre
 18597 | Orc:1    | Killed a two-headed ogre
 18602 | Orc:1    | Killed a two-headed ogre
 18603 | Orc:1    | Reached skill level 11 in Transmutations
 18821 | Orc:1    | Killed a two-headed ogre
 18833 | Orc:1    | Killed a two-headed ogre
 18909 | Orc:2    | Reached ***** piety under Dithmenos
 18973 | Orc:2    | Killed a two-headed ogre
 18974 | Orc:2    | Reached skill level 12 in Transmutations
 19159 | Orc:2    | Killed an ogre mage
 19167 | Orc:2    | Killed an ogre mage
 19370 | Orc:2    | Noticed a two-headed ogre
 19383 | Orc:2    | Killed a two-headed ogre
 19401 | Orc:2    | Noticed a two-headed ogre
 19412 | Orc:2    | Noticed a two-headed ogre
 19416 | Orc:2    | Killed a two-headed ogre
 19716 | Orc:2    | Killed a two-headed ogre
 19717 | Orc:2    | Reached XP level 13. HP: 104/107 MP: 17/17
 20113 | Orc:1    | Reached skill level 13 in Transmutations
 20482 | Orc:2    | Found Acipil's Magic Scroll Shoppe.
 20482 | Orc:2    | Found Ysuesuat's Weapon Shop.
 20483 | Orc:2    | Found Botesias's Assorted Antiques.
 20483 | Orc:2    | Found Buqenatio's General Store.
 20791 | Lair:1   | Acquired 1200 gold pieces
 20871 | D:10     | Bought the amulet of Vitality {Regen+ HP+15} for 1264 gold
                  | pieces
 20871 | D:10     | Found the amulet of Vitality {Regen+ HP+15}
 21386 | Lair:1   | Noticed a fire dragon
 21968 | Lair:1   | Killed a fire dragon
 22038 | Lair:1   | Reached skill level 5 in Invocations
 22172 | Lair:1   | Killed a minotaur
 22178 | Lair:1   | Killed belegose's ghost
 22240 | Lair:1   | Identified the ring "Ceta" {rElec Int+6}
 22996 | Lair:2   | Found a staircase to the Swamp.
 23343 | Lair:3   | Found a hole to the Spider Nest.
 23725 | Lair:3   | Found a transporter.
 23842 | Lair:3   | Found a transporter.
 24324 | Lair:3   | Gained mutation: You have acidic saliva. [Yellow Draconian
                  | growth]
 24324 | Lair:3   | Reached XP level 14. HP: 118/118 MP: 15/21
 24606 | Lair:4   | Reached skill level 5 in Spellcasting
 24689 | Lair:4   | Reached ****** piety under Dithmenos
 25171 | Lair:4   | Noticed Nergalle
 25172 | Lair:4   | Found a runed translucent gate.
 25172 | Lair:4   | Found a runed translucent gate.
 25173 | Lair:4   | Found a runed translucent gate.
 25173 | Lair:4   | Noticed ystael's ghost (journeyman MiFi)
 25183 | Lair:4   | Killed Nergalle
 25391 | Lair:4   | HP: 3/134 [death yak (16)]
 25394 | Lair:4   | Reached skill level 10 in Invocations
 26138 | Lair:5   | Found a transporter.
 26191 | Lair:5   | Found a transporter.
 26788 | Lair:5   | Found a viscous altar of Jiyva.
 26788 | Lair:5   | Found a staircase to the Slime Pits.
 26941 | Lair:6   | Entered Level 6 of the Lair of Beasts
 26965 | Lair:6   | Found a dark tunnel.
 26973 | Volcano  | Entered a volcano
 27235 | Lair:6   | Reached XP level 15. HP: 126/126 MP: 24/24
 27565 | Lair:6   | Reached skill level 10 in Fighting
 27658 | Lair:6   | Acquired the Disquisition on Moulding
 27668 | Lair:6   | Learned a level 7 spell: Dragon Form
 28149 | Lair:6   | Reached skill level 5 in Stealth
 29825 | D:11     | Found Laodykhoos's Weapon Shoppe.
 29828 | D:11     | Acquired a +2 hat of see invisible
 30021 | D:11     | Found a runed translucent gate.
 30021 | D:11     | Found a runed translucent gate.
 30022 | D:11     | Found a runed translucent gate.
 30024 | D:11     | Noticed zeram's ghost (journeyman HOFi)
 30026 | D:11     | Noticed Kranky's ghost (journeyman GrBe)
 30026 | D:11     | Noticed JonathMagnus's ghost (journeyman DrSu)
 30027 | D:11     | Noticed AltoTato's ghost (novice DrBe)
 30029 | D:11     | Noticed Ekaitz's ghost (journeyman MfIE)
 30505 | D:11     | Killed JonathMagnus's ghost
 30506 | D:11     | Reached skill level 14 in Transmutations
 30529 | D:11     | Killed Kranky's ghost
 30632 | D:11     | Killed AltoTato's ghost
 31065 | D:3      | Killed Thatpatchoflichen's ghost
 31146 | D:3      | Killed Sigmund
 31273 | D:4      | Killed unlimited1921's ghost
 31622 | Swamp:1  | Entered Level 1 of the Swamp
 31624 | Swamp:1  | Noticed a fenstrider witch
 31644 | Swamp:1  | Killed a fenstrider witch
 31832 | D:10     | Bought the ring "Weplimme" {Fly Will+ Int+2} for 548 gold
                  | pieces
 31972 | Spider:1 | Entered Level 1 of the Spider Nest
 32117 | D:11     | Killed zeram's ghost
 33027 | D:12     | Noticed a tengu reaver
 33027 | D:12     | Noticed a fire giant
 33028 | D:12     | Found a runed translucent door.
 33030 | D:12     | Noticed a storm dragon
 33030 | D:12     | Noticed a tengu reaver
 33030 | D:12     | Noticed a storm dragon
 33030 | D:12     | Identified the ring of the Country {Fire rPois Will+}
 33030 | D:12     | Noticed a frost giant
 33030 | D:12     | Noticed a sphinx
 33030 | D:12     | Found the +6 shillelagh "Devastator" {shatter}
 34173 | D:14     | Reached skill level 15 in Transmutations
 34528 | D:14     | Cast into level 2 of the Abyss (a wizard)
 34544 | Abyss:2  | Reached XP level 16. HP: 134/134 MP: 25/28
 34555 | Abyss:2  | Killed from afar by a balrug

Illustrated notes

Levels and vault maps discovered:
D:1:      dpeg_arrival_morbid_curiosity, layout_basic, basic_ecumenical_altar,
          minmay_shallow_snake_nest
D:2:      minmay_angry_zag, layout_loops_ring, hangedman_glass_teeth
D:3:      layout_loops_ring, biasface_ghost_orc_armoury, uniq_sigmund,
          uniq_terence
D:4:      layout_basic, lightli_ossuary_entry_decrepit_ruins,
          gammafunk_ghost_necromancy, uniq_natasha
D:5:      layout_basic, st_stairs_8, uniq_blork_the_orc, uniq_duvessa,
          uniq_edmund
D:6:      layout_cave_pools, nicolae_ashenzari_skybound, serial_shops, shop,
          cheibrodos_sewer_entry_sluice
D:7:      layout_loops_ring, minmay_temple_entry_statues_pillars, serial_shops,
          shop_statue, minmay_splitting_lines
D:8:      layout_loops_ring, nicolae_gozag_cash_rules_everything_around_me,
          serial_shops, shop, minmay_evil_grid
D:9:      layout_loops_cross, dpeg_oklobed_lair, the_hattery
D:10:     layout_loops_ring, chequers_temple_overflow_minitemple, orc_0_dummy,
          serial_shops, nicolae_stop_n_shop_1, shop, nicolae_shop_behind_doors,
          nicolae_shop_crystal, shop, kennysheep_cross_room,
          minmay_misc_feat_encased, corexii_checkpoint_a,
          ebering_dispersal_statue_hall
D:11:     layout_roguey, serial_shops, nicolae_shop_behind_doors,
          gammafunk_ghost_cemetery
D:12:     minmay_gate_of_8, layout_irregular_city
D:13:     layout_irregular_city
D:14:     layout_layer_cave, david_vaults_3, chequers_serial_rivers_room_b
Temple:   eino_temple_rhombus
Lair:1:   dragon1_lemuel, layout_layer_cave, maelrawn_ghost_gauntlet_escape,
          minivault_24
Lair:2:   dpeg_oklob_gauntlet, layout_regular_city, minmay_swamp_entry_worms,
          fungi_pond_lemuel, infiniplex_staircase_pool_2
Lair:3:   gammafunk_cloud_chamber, layout_regular_city,
          nicolae_spider_entry_tight_spaces, kennysheep_catoblepas_arena
Lair:4:   beast_lair_carwin_large_4, layout_long_grid,
          gammafunk_ghost_hydra_chop, grunt_megastairs_4,
          infiniplex_staircase_pool, serial_bayou_shore_a, uniq_nergalle
Lair:5:   gammafunk_worm_tunnel, layout_cave_pods,
          dpeg_slime_entry_enclosed_altar
Lair:6:   hangedman_lair_caniforms_friends, layout_regular_city,
          hangedman_lair_tendril_chambers, lightli_volcano_entry_magma_tube,
          grunt_forest_large_clearings
Swamp:1:  nicolae_swamp_standing_stones, layout_basic_swamp,
          evilmike_swamp_ruin_house_1, swamp_pool2
Spider:1: layout_spider_delve, hangedman_spider_tarantella_strand
Orc:1:    layout_caves, serial_shops, shop, nicolae_lakefront_shop, shop,
          nicolae_lakefront_shop, uniq_urug
Orc:2:    st_orc_ogre_mass, layout_caves, serial_shops, shop
Abyss:2:  base:
Spider:4

Skill      XL: |  1  2  3  4  5  6  7  8  9 10 11 12 13 14 15 |
---------------+----------------------------------------------+-----
Unarmed Combat | 4 5 7 9 11 12 13 14 | 14.6
Transmutations | 1 8 12 13 15 | 15.3
Earth Magic    | 1 2 |  2.5
Spellcasting   | 1 2 4 5 8 |  8.0
Dodging        | 3 4 6 7 8 |  8.4
Fighting       | 5 7 9 10 | 10.0
Stealth        | 2 4 5 |  5.7
Invocations    | 1 4 6 12 | 12.7

Action                   |  1- 3 |  4- 6 |  7- 9 | 10-12 | 13-15 | 16-18 || total
-------------------------+-------+-------+-------+-------+-------+-------++-------
Melee: Unarmed           |   179 |   206 |   425 |   734 |  1217 |    12 ||  2773
       Tailslap          |    21 |    43 |    93 |   172 |   203 |     2 ||   534
       Punch             |     1 |     6 |    26 |    82 |    94 |     1 ||   210
       Bite              |       |       |       |       |   118 |       ||   118
Throw: Dart              |       |     5 |       |    10 |     9 |       ||    24
       Boomerang         |       |       |       |       |     1 |       ||     1
 Cast: Blade Hands       |       |       |       |       |   107 |       ||   107
 Abil: Breathe Acid      |       |       |     8 |    30 |    15 |       ||    53
       End Transformatio |       |       |       |       |     2 |       ||     2
Evoke: Wand              |       |       |       |       |     1 |       ||     1
  Use: Scroll            |     5 |     2 |     6 |     3 |     8 |       ||    24
       Potion            |       |     4 |     9 |       |     2 |       ||    15
 Stab: Sleeping          |     2 |    12 |     4 |    15 |    16 |       ||    49
       Distracted        |       |       |     2 |     2 |     2 |       ||     6
       Petrified         |       |       |       |       |     4 |       ||     4
Armor: Skin              |    63 |    29 |   105 |   137 |   360 |     1 ||   695
Dodge: Dodged            |   108 |   100 |   236 |   594 |  1086 |     9 ||  2133
       Repelled          |       |       |       |       |     1 |       ||     1
Block: Other             |       |    12 |    99 |   153 |    13 |       ||   277
       Reflection        |       |       |     1 |     2 |       |       ||     3
